 Dungeon Crawl Stone Soup version 0.31-a0-949-g57150269e1 (webtiles) character file.

Game seed: 2758811213629918723

20847 quinnr the Zephyrmancer (level 12, -2/73 HPs)
             Began as a Tengu Air Elementalist on Oct 22, 2023.
             Was a Priest of Vehumet.
             Slain by an eight-headed hydra (6 damage)
             ... on level 2 of the Lair of Beasts.
             The game lasted 00:36:35 (18175 turns).

quinnr the Zephyrmancer (Tengu Air Elementalist)   Turns: 18175, Time: 00:36:36

Health: -2/73      AC:  7    Str:  9    XL:     12   Next: 83%
Magic:  19/26      EV: 21    Int: 19    God:    Vehumet [***...]
Gold:   391        SH:  0    Dex: 16    Spells: 9/29 levels left

rFire   + + .        r - staff of fire {!a}
rCold   + . .        (no shield)
rNeg    + . .        n - +2 robe {rN+}
rPois   .            (helmet restricted)
rElec   .            C - scarf {rC+ rF+}
rCorr   .            h - +2 pair of gloves
SInv    .            (boots unavailable)
Will    .....        p - amulet of magic regeneration
Stlth   +++          (no ring)
HPRegen 0.32/turn    (no ring)
MPRegen 0.60/turn

%: acrobat
@: sluggish, flying, studying Throwing, very slow
A: beak, talons 3, evasive flight, acrobatic
a: Renounce Religion


You were on level 2 of the Lair of Beasts.
You worshipped Vehumet.
Vehumet was most pleased with you.
You visited 3 branches of the dungeon, and saw 12 of its levels.
You also visited: Ossuary.

You collected 410 gold pieces.
You spent 19 gold pieces at shops.


Innate Abilities, Weirdness & Mutations

You have a beak for a mouth.
You have claws for feet.
Your magical flight helps you evade attacks. (EV +4)
You can magically evade attacks while moving or waiting.


   Skills:
 - Level 8.0 Fighting
 - Level 5.0 Throwing
 - Level 4.0 Armour
 - Level 10.0 Dodging
 - Level 6.0 Stealth
 + Level 9.3 Spellcasting
 - Level 3.0 Conjurations
 - Level 4.0 Summonings
 + Level 1.5 Transmutations
 + Level 2.1 Fire Magic
 - Level 14.0 Air Magic
 - Level 4.0 Poison Magic


You had 9 spell levels left.
You knew the following spells:

 Your Spells              Type           Power      Damage    Failure   Level
a - Airstrike             Air            29%        2d(5-21)  1%          4
i - Swiftness             Air            58%        N/A       1%          3
l - Summon Lightning Spi  Summ/Air       43%        N/A       1%          4
m - Mephitic Cloud        Conj/Pois/Air  35%        N/A       1%          3
t - Static Discharge      Conj/Air       82%        3-7/arc   1%          2
z - Shock                 Conj/Air       100%       1d9       1%          1
X - Ignite Poison         Fire/Tmut/Pois 27%        N/A       2%          3

Your spell library contained the following spells:

 Spells                   Type           Power      Damage    Failure   Level
 Magic Dart               Conj           80%        1d7       1%          1
 Summon Small Mammal      Summ           96%        N/A       1%          1
 Searing Ray              Conj           40%        2d5       1%          2
 Freeze                   Ice            32%        1d5       2%          1
 Call Imp                 Summ           48%        N/A       2%          2
 Dazzling Flash           Conj/Hex       28%        N/A       3%          3
 Hailstorm                Conj/Ice       14%        3d5       3%          3
 Call Canine Familiar     Summ           24%        N/A       4%          3
 Frozen Ramparts          Ice            16%        1d3       7%          3
 Summon Guardian Golem    Hex/Summ       16%        N/A       11%         3
 Fulminant Prism          Conj/Hex       7%         3d7       11%         4
 Silence                  Hex/Air        17%        N/A       12%         5
 Animate Armour           Summ/Erth      32%        N/A       34%         4
 Lee's Rapid Deconstruct  Erth           4%         3d5*      45%         5
 Agony                    Necr           8%         N/A       91%         5

Inventory:

Hand Weapons
 s - a +5 dagger
 u - a +1 dagger of venom
 D - the +3 glaive of Pube {heavy, +Blink}
   (You found it on level 9 of the Dungeon)

   +Blink:    It lets you blink.
Armour
 a - a +0 robe
 h - a +2 pair of gloves (worn)
 l - a +0 leather armour of poison resistance
 n - a +2 robe of positive energy (worn)
 C - a scarf of resistance (worn)
Magical Staves
 i - a staff of death {!a}
 r - a staff of fire (weapon) {!a}
Jewellery
 p - an amulet of magic regeneration (around neck)
Wands
 t - a wand of charming (8)
 E - a wand of iceblast (5)
Scrolls
 d - 3 scrolls of amnesia
 o - 4 scrolls of fear
 q - a scroll of teleportation {@r2}
 v - 4 scrolls of enchant armour {unknown}
 x - a scroll of poison {unknown}
 y - a scroll of acquirement {unknown}
 z - a scroll of brand weapon {unknown}
 B - 2 scrolls of identify {@r1}
Potions
 b - a potion of magic
 c - a potion of might {unknown}
 e - 4 potions of brilliance
 f - 2 potions of invisibility
 g - 6 potions of curing {@q1}
 j - 4 potions of enlightenment
 k - a potion of attraction
 m - a potion of heal wounds {@q2}
 w - a potion of ambrosia
 A - 4 potions of lignification

Dungeon Overview and Level Annotations

Branches:
Dungeon (9/15)             Temple (1/1) D:5            Lair (2/5) D:9
Ossuary (visited)
  Swamp: Lair:2-3    Shoals: Lair:2-3     Snake: Lair:2-3    Spider: Lair:2-3
    Orc: D:9-12

Altars:
Ashenzari
Cheibriados
Dithmenos
Fedhas
Gozag
Hepliaklqana
Kikubaaqudgha
Makhleb
Nemelex Xobeh
Okawaru
Qazlal
Ru
Sif Muna
Trog
Uskayaw
Vehumet
Wu Jian
Xom
Zin
The Shining One

Shops:
D:2 *

Annotations:
D:4 digvault
D:9 IdlyInterested's ghost, novice DsFi

#.###.##.......P###P.
#.# ........#.###....
#.##....>#...####....
#..#.....#.<.#.##....
##.........#.#...+....
#...#......#.#..#.†...
##..##PP..#......#....
#.#####.##........#.#
##..l@..........####†.
#....D........... ...
#....§........... ..
##................ .
#..#...####......
##..#..P# #....
#..###.## . ##.# #..
#.# #...


You could see a skyshark and an eight-headed hydra.


Message History

The eight-headed hydra bites your lightning spire but does no damage.
The eight-headed hydra bites your lightning spire.
Your lightning spire is destroyed!
Your lightning spire disappears in a puff of smoke!
The skyshark misses you. The skyshark closely misses you.
The skyshark completely misses you.
Unknown command.
Unknown command.
Casting: Summon Lightning Spire (dangerous; 1% risk of failure)
Confirm with . or Enter, or press ? or * to list all spells.
The skyshark is struck by an arc of lightning.
The skyshark is moderately wounded.
The eight-headed hydra is struck by an arc of lightning!
The eight-headed hydra is almost dead.
The skyshark is struck by an arc of lightning.
The skyshark is heavily wounded.
The lightning grounds out.
The eight-headed hydra closely misses you.
The eight-headed hydra bites you.
* * * LOW HITPOINT WARNING * * *
The eight-headed hydra bites you!
* * * LOW HITPOINT WARNING * * *
The eight-headed hydra bites you.
* * * LOW HITPOINT WARNING * * *
The eight-headed hydra bites you but does no damage.
The eight-headed hydra closely misses you.
The eight-headed hydra bites you.
* * * LOW HITPOINT WARNING * * *
The eight-headed hydra bites you.
You die...

Skill      XL: |  1  2  3  4  5  6  7  8  9 10 11 12 |
---------------+-------------------------------------+-----
Air Magic      | 5 6 7 8 12 14 | 14.0
Fighting       | 1 2 3 5 7 8 |  8.0
Stealth        | 3 4 6 |  6.0
Armour         | 2 4 |  4.0
Conjurations   | 2 3 |  3.0
Spellcasting   | 4 5 6 7 9 |  9.3
Dodging        | 3 4 5 10 | 10.0
Throwing       | 1 5 |  5.0
Summonings     | 4 |  4.0
Poison Magic   | 4 |  4.0
Fire Magic     | 2 |  2.1
Transmutations | 1 |  1.5

Action                     |  1- 3 |  4- 6 |  7- 9 | 10-12 || total
---------------------------+-------+-------+-------+-------++-------
  Melee: Unarmed           |    14 |     7 |    22 |       ||    43
         Kick              |     4 |     1 |     4 |    19 ||    28
         Peck              |     1 |     1 |     4 |    13 ||    19
         Staff             |       |       |       |    44 ||    44
   Cast: Shock             |    80 |   127 |   229 |   125 ||   561
         Airstrike         |       |     5 |    52 |   142 ||   199
         Static Discharge  |       |     8 |    23 |    34 ||    65
         Summon Lightning  |       |       |       |    49 ||    49
         Mephitic Cloud    |       |       |       |     3 ||     3
         Swiftness         |       |       |       |     2 ||     2
         Ignite Poison     |       |       |       |     2 ||     2
    Use: Scroll            |     1 |     5 |     6 |     6 ||    18
         Potion            |       |       |     2 |     1 ||     3
   Stab: Distracted        |       |       |       |     1 ||     1
 Armour: Robe              |    13 |     6 |    40 |   141 ||   200
         Leather armour    |       |    33 |    51 |       ||    84
  Dodge: Dodged            |    31 |    32 |   165 |   250 ||   478

Levels and vault maps discovered:
D:1:      minmay_arrival_arboretum_small, layout_loops_ring
D:2:      layout_basic, serial_shops, shop, minmay_misc_feat_five
D:3:      layout_basic, grunt_gozag_breadcrumbs, slow_altar_1
D:4:      layout_gridville, fedhas_altar_3, serial_glass, glass_columns_a,
          glass_columns_a, item_on_display_a, minmay_manual_maat, uniq_sigmund
D:5:      layout_basic, trog_three_pillars_becter,
          mainiacjoe_overflow_concentric_impassable, minmay_temple_entry_hall,
          mainiacjoe_ossuary_entry_find_the_door, minmay_misc_feat_four_crosses
D:6:      layout_loops_ring, mainiacjoe_overflow_24_doors,
          mainiacjoe_overflow_catwalk
D:7:      layout_gridville, nicolae_qazlal_beasts_of_the_sky,
          mainiacjoe_overflow_alcove_4, minmay_starry_boxes, uniq_joseph
D:8:      layout_basic, mainiacjoe_overflow_alcove_1, kennysheep_mini_moat,
          ashenzari_altar_1
D:9:      layout_small_grid, vehumet_crystals,
          nicolae_uskayaw_murder_on_the_dancefloor, erik_lair_orcish_takeover,
          serial_demonic, serial_demonic_b, serial_demonic_g, serial_demonic_c,
          serial_demonic_e, serial_demonic_e, serial_demonic_e,
          serial_demonic_g, serial_demonic_b, gammafunk_ghost_nasty_kobolds,
          minmay_diamond_spiral
Temple:   hellmonk_temple_flake
Lair:1:   layout_layer_cave, lemuel_fruit_fields
Lair:2:   layout_regular_city, palyth_hydra_swamp_entry, dummy_snake_entry,
          dpeg_stationary_puzzle, grunt_megastairs_4

Notes
Turn   | Place    | Note
-------+----------+-------------------------------------------
     0 | D:1      | quinnr the Tengu Air Elementalist began the quest for the
                  | Orb.
     0 | D:1      | Reached XP level 1. HP: 10/10 MP: 4/4
   241 | D:1      | Reached XP level 2. HP: 15/15 MP: 3/6
   448 | D:1      | Reached skill level 5 in Air Magic
   826 | D:1      | Reached XP level 3. HP: 14/19 MP: 3/7
  1368 | D:2      | Found Ikluats's Assorted Antiques.
  1382 | D:2      | Bought a scroll labelled ZUIPIU RUUCWA for 19 gold pieces
  1395 | D:2      | Reached skill level 6 in Air Magic
  1752 | D:2      | Reached XP level 4. HP: 16/24 MP: 2/8
  1879 | D:2      | Reached skill level 1 in Fighting
  2474 | D:3      | Found an opulent altar of Gozag.
  2788 | D:3      | Learned a level 4 spell: Airstrike
  2791 | D:3      | Learned a level 2 spell: Static Discharge
  2959 | D:3      | Reached skill level 3 in Stealth
  3442 | D:3      | Reached XP level 5. HP: 30/30 MP: 1/9
  3455 | D:3      | Reached skill level 2 in Fighting
  3455 | D:3      | Reached skill level 1 in Armour
  4011 | D:3      | Found a snail-covered altar of Cheibriados.
  4126 | D:4      | Noticed a phantom
  4138 | D:3      | Reached skill level 2 in Armour
  4372 | D:4      | Noticed an orc warrior
  4380 | D:4      | Noticed a steam dragon
  4392 | D:3      | Reached XP level 6. HP: 26/35 MP: 5/10
  4492 | D:4      | Reached skill level 4 in Stealth
  4621 | D:4      | Found a blossoming altar of Fedhas.
  4699 | D:5      | Entered Level 5 of the Dungeon
  4718 | D:5      | Reached skill level 3 in Armour
  4959 | D:5      | Reached skill level 4 in Armour
  5034 | D:5      | Reached skill level 2 in Conjurations
  5038 | D:5      | Gained mutation: Your magical flight helps you evade
                  | attacks. (EV +4) [Tengu growth]
  5038 | D:5      | Reached XP level 7. HP: 33/40 MP: 0/11
  5058 | D:5      | Found a staircase to the Ecumenical Temple.
  5071 | D:5      | Found a sacrificial altar of Ru.
  5114 | D:5      | Found a bloodstained altar of Trog.
  5159 | D:5      | Reached skill level 3 in Spellcasting
  5165 | D:5      | Reached skill level 7 in Air Magic
  5200 | D:5      | Found a sand-covered staircase.
  5211 | Ossuary  | Entered an ossuary
  7150 | D:6      | Reached skill level 3 in Dodging
  7150 | D:6      | Reached skill level 4 in Spellcasting
  7210 | D:5      | Reached skill level 3 in Fighting
  7210 | D:5      | Reached XP level 8. HP: 38/46 MP: 1/15
  7397 | D:6      | Reached skill level 4 in Dodging
  7398 | D:6      | Reached skill level 4 in Fighting
  7580 | Temple   | Entered the Ecumenical Temple
  7779 | D:4      | Noticed Sigmund
  7781 | D:4      | Killed Sigmund
  7782 | D:4      | Reached skill level 5 in Fighting
  8019 | D:4      | Reached skill level 3 in Conjurations
  8162 | D:4      | Reached skill level 8 in Air Magic
  8502 | D:6      | Found a shadowy altar of Dithmenos.
  8565 | D:6      | Reached skill level 5 in Spellcasting
  8595 | D:6      | Reached skill level 1 in Throwing
  8595 | D:6      | Reached XP level 9. HP: 54/54 MP: 9/17
  8670 | D:6      | Reached skill level 2 in Throwing
  8734 | D:6      | Reached skill level 3 in Throwing
  8913 | D:6      | Reached skill level 4 in Throwing
  9023 | D:6      | Reached skill level 6 in Fighting
  9033 | D:6      | Reached skill level 5 in Throwing
  9192 | D:6      | Found a glowing silver altar of Zin.
  9487 | D:6      | Reached skill level 6 in Spellcasting
  9740 | D:6      | Reached skill level 5 in Stealth
 10063 | D:7      | Reached skill level 6 in Stealth
 10214 | D:7      | Reached skill level 7 in Fighting
 10480 | D:7      | Reached XP level 10. HP: 42/63 MP: 3/20
 10590 | D:7      | Found a sparkling altar of Nemelex Xobeh.
 10771 | D:7      | Found a stormy altar of Qazlal.
 10773 | D:7      | Reached skill level 9 in Air Magic
 10866 | D:7      | Noticed Joseph
 10896 | D:7      | Killed Joseph
 10897 | D:7      | Reached skill level 10 in Air Magic
 11925 | D:8      | Reached skill level 11 in Air Magic
 12013 | D:8      | Found a glowing golden altar of the Shining One.
 12048 | D:8      | Learned a level 4 spell: Summon Lightning Spire
 12057 | D:8      | Reached skill level 1 in Summonings
 12212 | D:8      | Found a broken altar of Ashenzari.
 12245 | D:8      | Reached skill level 2 in Summonings
 12468 | D:8      | Reached skill level 3 in Summonings
 12695 | D:8      | Reached skill level 4 in Summonings
 12993 | D:8      | Found a shimmering blue altar of Sif Muna.
 13210 | D:9      | Found a radiant altar of Vehumet.
 13271 | D:9      | Became a worshipper of Vehumet
 13294 | D:9      | Noticed a sixfirhy
 13313 | D:9      | Found a runed translucent gate.
 13313 | D:9      | Found a runed translucent gate.
 13314 | D:9      | Noticed IdlyInterested's ghost (novice DsFi)
 13315 | D:9      | Found a runed translucent gate.
 13317 | D:9      | Noticed a kobold demonologist
 13318 | D:9      | Noticed a kobold demonologist
 13318 | D:9      | Identified the +1 robe "Pang" {Int+3}
 13319 | D:9      | Noticed a kobold demonologist
 13367 | D:9      | Noticed a manticore
 13378 | D:9      | Noticed a skeletal warrior
 13379 | D:9      | Noticed a smoke demon
 13380 | D:9      | Noticed a rust devil
 13385 | D:9      | a wind drake changed into a fire crab
 13385 | D:9      | Noticed a fire crab (shapeshifter)
 13400 | D:9      | Killed a rust devil
 13401 | D:9      | Reached skill level 7 in Spellcasting
 13405 | D:9      | HP: 4/63 [smoke demon/divine providence (12)]
 13409 | D:9      | Killed a smoke demon
 13410 | D:9      | Reached skill level 12 in Air Magic
 13522 | D:9      | Killed a sixfirhy
 13523 | D:9      | Reached skill level 5 in Dodging
 13523 | D:9      | Reached XP level 11. HP: 37/67 MP: 1/22
 13642 | D:9      | Reached skill level 6 in Dodging
 13947 | D:9      | Reached skill level 7 in Dodging
 14241 | D:9      | Learned a level 3 spell: Mephitic Cloud
 14253 | D:9      | Found a staircase to the Lair.
 14255 | D:9      | Identified a scarf of resistance
 14298 | D:9      | Found a hide-covered altar of Uskayaw.
 14384 | D:9      | Reached skill level 8 in Dodging
 14395 | D:9      | Reached * piety under Vehumet
 14395 | D:9      | Offered knowledge of Sandblast by Vehumet.
 15026 | D:9      | Reached skill level 9 in Dodging
 15044 | D:9      | HP: 3/67 [yak (7)]
 15258 | D:9      | Learned a level 3 spell: Swiftness
 15275 | D:9      | Noticed a purple ugly thing
 15331 | D:9      | Killed a manticore
 15332 | D:9      | Reached skill level 1 in Poison Magic
 15349 | D:9      | Identified the +3 glaive of Pube {heavy, +Blink}
 15411 | D:9      | Killed a purple ugly thing
 15412 | D:9      | Reached skill level 2 in Poison Magic
 15556 | D:9      | Killed a skeletal warrior
 15557 | D:9      | Reached skill level 10 in Dodging
 15557 | D:9      | Reached skill level 3 in Poison Magic
 15713 | D:9      | Reached skill level 4 in Poison Magic
 15917 | D:9      | Noticed a sixfirhy
 16051 | Lair:1   | Entered Level 1 of the Lair of Beasts
 16290 | Lair:1   | Reached XP level 12. HP: 57/72 MP: 17/24
 16367 | Lair:1   | Noticed a boulder beetle
 16385 | Lair:1   | Killed a boulder beetle
 16386 | Lair:1   | Reached skill level 8 in Fighting
 16509 | Lair:1   | Reached skill level 8 in Spellcasting
 16566 | Lair:1   | Identified the +5 scale mail "Vishraju" {rN+ Will- rCorr
                  | Dex+3}
 16602 | Lair:1   | Reached ** piety under Vehumet
 16615 | Lair:1   | Offered knowledge of Poisonous Vapours by Vehumet.
 16635 | Lair:1   | Reached skill level 13 in Air Magic
 16947 | Lair:1   | Reached skill level 14 in Air Magic
 17722 | Lair:2   | Noticed a four-headed hydra
 17734 | Lair:2   | Killed a four-headed hydra
 17737 | Lair:2   | Reached skill level 9 in Spellcasting
 17738 | Lair:2   | Offered knowledge of Ignite Poison by Vehumet.
 17748 | Lair:1   | Learned a level 3 spell: Ignite Poison
 17952 | Lair:2   | Reached skill level 1 in Fire Magic
 17954 | Lair:2   | Reached skill level 1 in Transmutations
 18030 | Lair:2   | Reached skill level 2 in Fire Magic
 18065 | Lair:2   | Reached *** piety under Vehumet
 18127 | Lair:2   | Noticed an eight-headed hydra
 18163 | Lair:2   | Noticed a skyshark
 18175 | Lair:2   | HP: 4/73 [eight-headed hydra (4)]
 18175 | Lair:2   | Slain by an eight-headed hydra

Vanquished Creatures
  A skeletal warrior (D:9)
  A sixfirhy (D:9)
  An oklob plant (Lair:2)
  Joseph (D:7)
  A rust devil (D:9)
  4 cane toads (Lair:1)
  An ice devil (D:9)
  A troll (D:9)
  A red devil (D:9)
  A hornet (D:8)
  5 blink frogs
  Sigmund (D:4)
  11 yaks
  A chaos spawn (D:9)
  3 steam dragons
  4 vampire mosquitoes (D:6)
  A warg (D:9)
  An acid dragon (D:8)
  2 water moccasins
  3 orc warriors
  3 sky beasts
  An ice beast (D:6)
  2 black bears
  3 centaurs
  13 wolves
  A phantom (D:4)
  4 kobold brigands
  9 bullfrogs
  4 scorpions
  9 wights
  2 howler monkeys
  6 jellies
  6 hounds
  9 orc priests
  A gnoll bouda (D:5)
  5 iguanas
  2 orc wizards (D:7)
  2 sleepcaps
  A hound zombie (D:5)
  A mummy (Ossuary)
  3 gnolls (D:5)
  7 adders
  A shadow imp (D:5)
  A white imp (D:7)
  2 ufetubi (D:4)
  2 adder zombies (D:5)
  3 worms
  5 dart slugs
  36 orcs
  3 spectral bats (Ossuary)
  9 ball pythons
  6 endoplasms
  A giant cockroach (D:2)
  12 gnoll zombies (Ossuary)
  9 goblins
  14 hobgoblins
  4 jackals (D:1)
  3 quokkas (D:1)
  7 bats
  4 bat simulacra (Ossuary)
  3 frilled lizards
  2 goblin simulacra (Ossuary)
  A goblin zombie (Ossuary)
  8 hobgoblin zombies (Ossuary)
  22 kobolds
  8 kobold simulacra (Ossuary)
  6 kobold zombies (Ossuary)
  3 orc zombies (Ossuary)
  3 rats
  7 rat simulacra (Ossuary)
  2 spectral goblins (Ossuary)
  2 spectral kobolds (Ossuary)
  3 spectral rats (Ossuary)
331 creatures vanquished.

Vanquished Creatures (collateral kills)
  A hydra (Lair:2)
  A boulder beetle (Lair:1)
  An ugly thing (D:9)
  A manticore (D:9)
  A smoke demon (D:9)
  An orange demon (D:9)
  3 cane toads
  A komodo dragon (shapeshifter) (D:9)
  A polar bear (Lair:2)
  A troll (D:9)
  5 blink frogs (Lair:1)
  A shadow (D:9)
  A wraith (D:9)
  9 yaks
  A warg (D:9)
  A water moccasin (Lair:1)
  A black bear (Lair:2)
  An orc warrior (D:9)
  5 wolves
  3 bullfrogs
  2 wights (D:9)
  4 orcs (D:9)
46 creatures vanquished.

Grand Total: 377 creatures vanquished

Table legend: (Time is in decaauts)
 A = Elapsed time spent in this place.
 B = Non-inter-level travel time spent in this place.
 C = Inter-level travel time spent in this place.
 D = Time resting spent in this place.
 E = Time spent auto-exploring this place.
 F = Levels seen in this place.
 G = Mean time per level.
                   A        B        C        D        E       F      G
               +--------+--------+--------+--------+--------+-----+--------+
         Total |  18201 |  17555 |    646 |   2430 |  12068 |  13 | 1400.1 |
       Dungeon |  14903 |  14309 |    594 |   1797 |  10105 |   9 | 1655.9 |
        Temple |      1 |      1 |      0 |      0 |      0 |   1 |    1.0 |
          Lair |   2122 |   2071 |     51 |    145 |   1539 |   2 | 1061.0 |
       Ossuary |   1173 |   1173 |      0 |    488 |    424 |   1 | 1173.0 |
               +--------+--------+--------+--------+--------+-----+--------+

Top non-repeatable levels by time:
     D:9: 2176 daAuts
     D:8: 1993 daAuts
     D:7: 1824 daAuts
  Lair:1: 1801 daAuts
     D:6: 1749 daAuts
     D:4: 1740 daAuts
     D:3: 1502 daAuts
     D:5: 1459 daAuts
     D:1: 1249 daAuts
     D:2: 1207 daAuts
 Ossuary: 1173 daAuts
  Lair:2: 321 daAuts
  Temple: 1 daAuts

Table legend:
 A = Non-vault XP
 B = Vault XP
 C = Vault XP percentage of total XP
 D = Non-vault monster count
 E = Vault monster count
 F = Vault count percentage of total count
                 A         B        C        D         E       F
            +---------+---------+-------+---------+---------+-------
      Total |   20338 |    9444 |  31.7 |     269 |     108 |  28.6
            +---------+---------+-------+---------+---------+-------
        D:1 |      50 |       0 |   0.0 |      28 |       0 |   0.0
        D:2 |      55 |       0 |   0.0 |      22 |       0 |   0.0
        D:3 |     146 |      47 |  24.4 |      20 |       2 |   9.1
        D:4 |     231 |     624 |  73.0 |      18 |       7 |  28.0
        D:5 |     698 |      31 |   4.3 |      23 |       3 |  11.5
        D:6 |    1919 |       0 |   0.0 |      26 |       0 |   0.0
        D:7 |     972 |    1255 |  56.4 |      30 |      10 |  25.0
        D:8 |    1083 |       0 |   0.0 |      15 |       0 |   0.0
        D:9 |    4691 |    5772 |  55.2 |      39 |      20 |  33.9
     Lair:1 |    8117 |       0 |   0.0 |      35 |       0 |   0.0
     Lair:2 |    2376 |    1622 |  40.6 |      13 |       4 |  23.5
    Ossuary |       0 |      93 | 100.0 |       0 |      62 | 100.0
            +---------+---------+-------+---------+---------+-------

Levels and vault maps discovered:
D:1:      minmay_arrival_arboretum_small, layout_loops_ring
D:2:      layout_basic, serial_shops, shop, minmay_misc_feat_five
D:3:      layout_basic, grunt_gozag_breadcrumbs, slow_altar_1
D:4:      layout_gridville, fedhas_altar_3, serial_glass, glass_columns_a,
          glass_columns_a, item_on_display_a, minmay_manual_maat, uniq_sigmund
D:5:      layout_basic, trog_three_pillars_becter,
          mainiacjoe_overflow_concentric_impassable, minmay_temple_entry_hall,
          mainiacjoe_ossuary_entry_find_the_door, minmay_misc_feat_four_crosses
D:6:      layout_loops_ring, mainiacjoe_overflow_24_doors,
          mainiacjoe_overflow_catwalk
D:7:      layout_gridville, nicolae_qazlal_beasts_of_the_sky,
          mainiacjoe_overflow_alcove_4, minmay_starry_boxes, uniq_joseph
D:8:      layout_basic, mainiacjoe_overflow_alcove_1, kennysheep_mini_moat,
          ashenzari_altar_1
D:9:      layout_small_grid, vehumet_crystals,
          nicolae_uskayaw_murder_on_the_dancefloor, erik_lair_orcish_takeover,
          serial_demonic, serial_demonic_b, serial_demonic_g, serial_demonic_c,
          serial_demonic_e, serial_demonic_e, serial_demonic_e,
          serial_demonic_g, serial_demonic_b, gammafunk_ghost_nasty_kobolds,
          minmay_diamond_spiral
Temple:   hellmonk_temple_flake
Lair:1:   layout_layer_cave, lemuel_fruit_fields
Lair:2:   layout_regular_city, palyth_hydra_swamp_entry, dummy_snake_entry,
          dpeg_stationary_puzzle, grunt_megastairs_4
